 Dungeon Sprint DCSS version 0.22-a0-93-g6b88ebb (webtiles) character file.

2400000 Crelarid the Ninja (level 19, -28/108 HPs)
             Began as a Vine Stalker Enchanter on Jan 23, 2018.
             Was an Elder of Makhleb.
             Killed from afar by a large bag of meat (30 damage)
             ... with an exploding inner flame
             ... in the Dungeon (Sprint VIII: "Arena of Blood").
             The game lasted 00:01:34 (24 turns).

Crelarid the Ninja (Vine Stalker Enchanter)           Turns: 24, Time: 00:01:35

Health: -28/108    AC:  2    Str: 13    XL:     19   Next: 5%
Magic:  0/50       EV: 31    Int: 15    God:    Makhleb [****..]
Gold:   0          SH:  0    Dex: 21    Spells: 70/71 levels left

rFire    . . .     SeeInvis .   k - +∞ Axe of Woe
rCold    . . .     Gourm    .   (shield currently unavailable)
rNeg     . . .     Faith    .   b - +0 robe
rPois    .         Spirit   +   (no helmet)
rElec    .         Reflect  .   (no cloak)
rCorr    .         Harm     .   (no gloves)
MR       ++...     NoTele   +   (no boots)
Stlth    +++++++++.             (no amulet)
HPRegen  1.08/turn              (no ring)
MPRegen  0.32/turn              (no ring)

@: no status effects
A: fangs 3, regeneration 2, magic shield, antimagic bite, no potion heal 3, rot
immunity
a: Minor Destruction, Lesser Servant of Makhleb, Major Destruction, Renounce
Religion


You were in the Dungeon.
You worshipped Makhleb.
Makhleb was greatly pleased with you.
You were not hungry.

You visited 1 branch

Inventory:

Hand Weapons
 a - a +1 dagger
 k - the +∞ Axe of Woe (weapon)
   (You found it in the Dungeon)
Armour
 b - a +0 robe (worn)
Scrolls
 j - a scroll of blinking
Potions
 e - a potion of curing
 f - a potion of heal wounds
 g - a potion of haste
 h - 2 potions of magic
 i - a potion of berserk rage
Books
 c - a book of Maledictions

   Spells                             Type                      Level
   a - Corona                         Hexes                        1
   b - Ensorcelled Hibernation        Hexes/Ice                    2
   c - Confuse                        Hexes                        3
   d - Tukima's Dance                 Hexes                        3
   e - Dazzling Spray                 Conjuration/Hexes            3
Comestibles
 d - a ration


   Skills:
 + Level 15.2 Fighting
 + Level 7.2 Short Blades
 + Level 24.4 Axes
 + Level 20.3 Dodging
 O Level 27 Stealth
 + Level 26.9 Spellcasting
 O Level 27 Hexes


You had 70 spell levels left.
You knew the following spells:

 Your Spells              Type           Power        Failure   Level  Hunger
a - Corona                Hex            #######      0%          1    None


Dungeon Overview and Level Annotations

Branches:
Dungeon (1/1)

Altars:
Makhleb


Innate Abilities, Weirdness & Mutations

You have razor-sharp teeth.
You heal very quickly.
When hurt, damage is shared between your health and your magic reserves.
Your bite disrupts and absorbs the magic of your enemies.
Potions cannot restore your health.
You are immune to rotting.


Message History

Your Spellcasting skill increases to level 26!
You have reached level 19!
You are engulfed in blazing flames.
You hear a shout! x2; You hear two shouts!
You hear a shout! x7
A destroyer comes into view.
It is wielding a +9 great sword of slicing.
The destroyer shouts!
You hear a shout!
You are engulfed in blazing flames.
You hear a shout! x6
The large bag of meat misses you.
The large bag of meat hits you with a +9 giant spiked club!!!
Ouch! That really hurt!
* * * LOW HITPOINT WARNING * * *
You hear a shout!
A bag of meat comes into view. It is wielding a +9 war axe.
The bag of meat shouts!
You slice the large bag of meat!!
You pulverise the large bag of meat into a thin bloody mist.
The large bag of meat explodes!
The fiery explosion engulfs you!
You die...

..... .. #...
.# . #... ..#
..###... ..###o
......###..o.V.
....§§§O....
#..§§o# #_§@§_#
#§§...#
...§.§......
......###......
..###... ..###.
. #... ..# #...
.# ..... ..


You could see a destroyer, a meat berserker (berserk) and 3 bags of meat.

Vanquished Creatures
  3 ogres (D)
  A two-headed ogre (D)
  9 orcs (D)
13 creatures vanquished.

Notes
Turn   | Place    | Note
-------+----------+-------------------------------------------
     0 | D        | Found the +∞ Axe of Woe
     0 | D        | Crelarid the Vine Stalker Enchanter began the quest for the Orb.
     0 | D        | Reached XP level 1. HP: 9/9 MP: 4/4
     3 | D        | Noticed a bag of meat
     4 | D        | Became a worshipper of Makhleb the Destroyer
     5 | D        | Noticed a bag of meat
     6 | D        | Noticed a bag of meat
     6 | D        | Noticed a bag of meat
     6 | D        | Noticed a bag of meat
     8 | D        | Noticed a bag of meat
     8 | D        | Noticed a meat berserker
    10 | D        | Killed a meat berserker
    10 | D        | Reached skill level 5 in Axes
    10 | D        | Reached XP level 2. HP: 16/16 MP: 4/17
    10 | D        | Reached XP level 3. HP: 20/20 MP: 4/19
    10 | D        | Gained mutation: Your natural rate of healing is unusually fast. [Vine Stalker growth]
    10 | D        | Reached XP level 4. HP: 24/24 MP: 4/20
    10 | D        | Reached XP level 5. HP: 28/28 MP: 4/22
    10 | D        | Reached XP level 6. HP: 32/32 MP: 4/23
    10 | D        | Reached XP level 7. HP: 36/36 MP: 4/25
    10 | D        | Gained mutation: You have razor-sharp teeth. [Vine Stalker growth]
    10 | D        | Reached XP level 8. HP: 40/40 MP: 4/26
    10 | D        | Reached XP level 9. HP: 44/44 MP: 4/27
    10 | D        | Reached XP level 10. HP: 49/49 MP: 4/28
    10 | D        | Reached XP level 11. HP: 52/52 MP: 4/29
    10 | D        | Gained mutation: You heal very quickly. [Vine Stalker growth]
    10 | D        | Reached XP level 12. HP: 56/56 MP: 4/30
    10 | D        | Reached XP level 13. HP: 60/60 MP: 4/31
    11 | D        | Noticed a bag of meat
    11 | D        | Killed a bag of meat
    11 | D        | Reached * piety under Makhleb
    11 | D        | Reached skill level 10 in Dodging
    11 | D        | Reached XP level 14. HP: 40/65 MP: 3/33
    11 | D        | Killed a bag of meat
    11 | D        | Reached skill level 15 in Spellcasting
    12 | D        | Killed a bag of meat
    12 | D        | Reached skill level 5 in Fighting
    12 | D        | Reached XP level 15. HP: 55/72 MP: 3/36
    12 | D        | Reached ** piety under Makhleb
    12 | D        | Reached skill level 10 in Axes
    12 | D        | Reached skill level 27 in Stealth
    13 | D        | Noticed a meat berserker
    13 | D        | Reached XP level 16. HP: 63/80 MP: 4/39
    15 | D        | Killed a meat berserker
    15 | D        | Reached skill level 15 in Axes
    15 | D        | Reached skill level 15 in Dodging
    15 | D        | Reached skill level 27 in Hexes
    16 | D        | Reached *** piety under Makhleb
    16 | D        | Reached skill level 10 in Fighting
    16 | D        | Reached XP level 17. HP: 67/91 MP: 4/43
    18 | D        | Noticed a meat berserker
    18 | D        | Reached skill level 5 in Short Blades
    19 | D        | Noticed a large bag of meat
    19 | D        | Killed a large bag of meat
    19 | D        | Reached XP level 18. HP: 99/99 MP: 4/47
    20 | D        | Noticed a meat berserker
    21 | D        | Noticed a large bag of meat
    21 | D        | Reached **** piety under Makhleb
    22 | D        | Killed a meat berserker
    22 | D        | Reached skill level 15 in Fighting
    22 | D        | Reached XP level 19. HP: 108/108 MP: 1/50
    22 | D        | Noticed a destroyer
    23 | D        | HP: 2/108 [large bag of meat/+9 giant spiked club (66)]
    24 | D        | Killed a large bag of meat
    24 | D        | Killed from afar by a large bag of meat

Vault maps used:
D:        meatsprint

Skill      XL: |  1  2  3  4  5  6  7  8  9 10 11 12 13 14 15 16 17 18 |
---------------+-------------------------------------------------------+-----
Fighting       | 3 5 7 10 12 15 | 15.2
Axes           | 5 6 9 12 16 20 24 | 24.4
Dodging        | 9 10 12 13 15 18 20 | 20.3
Stealth        | 22 24 26 27 | 27.0
Spellcasting   | 13 14 16 18 21 24 26 | 26.9
Hexes          | 20 22 24 26 27 | 27.0
Short Blades   | 2 4 6 7 |  7.2

Action                   |  1- 3 |  4- 6 |  7- 9 | 10-12 | 13-15 | 16-18 | 19-21 || total
-------------------------+-------+-------+-------+-------+-------+-------+-------++-------
Melee: Executioner's axe |     1 |       |       |       |     3 |     7 |     1 ||    12
Dodge: Dodged            |       |       |       |       |       |       |     1 ||     1

Table legend:
 A = Spawn XP
 B = Non-spawn XP
 C = Spawn XP percentage of total XP
 D = Spawn monster count
 E = Non-spawn monster count
 F = Spawn count percentage of total count
 G = Total turns spent on level
                    A         B        C        D         E        F      G
               +---------+---------+-------+---------+---------+-------+---------
         Total |       0 |  320759 |   0.0 |       0 |      13 |   0.0 |    24
               +---------+---------+-------+---------+---------+-------+---------
             D |       0 |  320759 |   0.0 |       0 |      13 |   0.0 |    24
               +---------+---------+-------+---------+---------+-------+---------
